 Dungeon Crawl Stone Soup version 0.17-a0-1701-gf693a3f (webtiles) character file.

190 hexophile the Prestidigitator (level 5, -13/25 HPs)
             Began as a Spriggan Artificer on Aug 22, 2015.
             Killed themself with a badly aimed fireball (22 damage)
             ... on level 6 of the Dungeon.
             The game lasted 00:03:35 (711 turns).

hexophile the Prestidigitator (Spriggan Artificer)   Turns: 711, Time: 00:03:35

Health: -13/25     AC:  2    Str:  7    XL:     5   Next: 41%
Magic:  8/12       EV: 18    Int: 14    God:
Gold:   21         SH:  0    Dex: 17    Spells: 0 memorised, 4 levels left

rFire  . . .     SeeInvis +     a - +0 short sword
rCold  . . .     Clarity  .     b - +0 robe
rNeg   . . .     SustAt   .     (shield restricted)
rPois  .         Gourm    .     (helmet restricted)
rElec  .         Spirit   .     (no cloak)
rCorr  .         Warding  .     (gloves unavailable)
rMut   .         Stasis   .     (boots unavailable)
MR     .....                    (no amulet)
Stlth  ++........               (no ring)
                                (no ring)

@: very quick, not resistant to hostile enchantments, unstealthy
A: unfitting armour, see invisible, herbivore 3, speed 3, slow metabolism 2
a: no special abilities


You were on level 6 of the Dungeon.
You were not hungry.

You visited 1 branch of the dungeon, and saw 6 of its levels.

You collected 21 gold pieces.

Inventory:

Hand weapons
 a - a +0 short sword (weapon)
Armour
 b - a +0 robe (worn)
Magical devices
 c - a wand of flame (15)
 d - a wand of enslavement (8)
 e - a wand of random effects (12)
Scrolls
 g - 2 scrolls of identify {unknown}
 h - a scroll of enchant armour {unknown}
 i - a scroll of remove curse {unknown}
Comestibles
 f - 2 bread rations
 j - 2 fruits


   Skills:
 - Level 0.7 Fighting
 - Level 1.1 Short Blades
 - Level 3.0 Dodging
 - Level 1.5 Stealth
 + Level 8.1 Evocations


You had 4 spell levels left.
You didn't know any spells.

Dungeon Overview and Level Annotations

Branches:
Dungeon (6/15)
 Temple: D:4-7

Altars:

Annotations:
D:2 Robin


Innate Abilities, Weirdness & Mutations

You are tiny and cannot use many weapons and most armour.
You have supernaturally acute eyesight.
You are a herbivore.
You cover ground extremely quickly.
You need consume almost no food.


Message History

Press: ? - help, Shift-Dir - straight line, f/p - orc wizard
Aim: an orc wizard, wielding a dagger and wearing a robe (moderately wounded, slightly transparent)
The bolt of fire hits the orc wizard.
The orc wizard is severely wounded.
The bolt of fire hits the orc.
You kill the orc!
The bolt of fire misses the orc.
This wand has 12 charges left.
The orc wizard hits you but does no damage.
Evoke which item? (* to show all) (? for menu, Esc to quit)
Zapping:
e - a wand of random effects (12)
Press: ? - help, Shift-Dir - straight line, f/p - orc wizard
Aim: an orc wizard, wielding a dagger and wearing a robe (severely wounded, slightly transparent)
The fireball explodes!
The fireball engulfs the orc wizard.
You kill the orc wizard!
Your Evocations skill increases to level 8!
You have reached level 5!
You feel clever. The fireball engulfs you!
Ouch! That really hurt!
You die...

###.......#.###
####........# #.# #.##.#.#.#
#.# #.##.#.#.# #.. #...
..#.# #.# #.##.###.# ###.#
##. #.# ##.#.### ..
#.#...##)########....)?#o.o.
...........@)o)......)......
###...###########...........
##. ##.......... #
#..###.###.. #.#.# .# .
#.#... .. ##...# ... ##...
....


You could see an orc.

Vanquished Creatures
  An orc wizard (D:6)
  An orc (D:6)
  A bat (D:1)
  A hobgoblin (D:1)
  2 kobolds (D:1)
  A giant newt (D:1)
  A rat (D:2)
8 creatures vanquished.

Vanquished Creatures (collateral kills)
  A centaur (D:6)
  A hound skeleton (D:5)
  An adder skeleton (D:5)
  2 orcs (D:6)
  A giant cockroach (D:6)
6 creatures vanquished.

Vanquished Creatures (others)
  An ogre (D:6)
  A giant frog (D:6)
  An orc (D:6)
3 creatures vanquished.

Grand Total: 17 creatures vanquished

Notes
Turn   | Place    | Note
--------------------------------------------------------------
     0 | D:1      | hexophile the Spriggan Artificer began the quest for the Orb.
     0 | D:1      | Reached XP level 1. HP: 9/9 MP: 4/4
   447 | D:2      | Noticed Robin
   452 | D:2      | roben, y u helm
   496 | D:5      | Entered Level 5 of the Dungeon
   525 | D:5      | Noticed a centaur
   578 | D:5      | Reached skill level 5 in Evocations
   578 | D:5      | Reached XP level 2. HP: 14/14 MP: 4/6
   640 | D:6      | Noticed an ogre
   649 | D:6      | Killed a centaur
   649 | D:6      | Reached skill level 6 in Evocations
   649 | D:6      | Reached XP level 3. HP: 9/17 MP: 6/8
   679 | D:6      | Noticed a giant frog
   694 | D:6      | a giant frog (ally) was killed
   705 | D:6      | an ogre (ally) was killed
   705 | D:6      | Reached skill level 7 in Evocations
   705 | D:6      | Reached XP level 4. HP: 8/21 MP: 8/10
   711 | D:6      | Reached skill level 8 in Evocations
   711 | D:6      | Reached XP level 5. HP: 9/25 MP: 8/12
   711 | D:6      | Killed themself with a badly aimed fireball

Vault maps used:
D:1:      lightli_arrival_lavapool
D:2:      lemuel_blue_sif_altar, first_bread, ecumenical_altar_1,
          kennysheep_generic_room_8, uniq_robin, uniq_iyjb
D:3:      uniq_jessica, uniq_purgy
D:4:      nicolae_ru_path_of_blood, eino_small_chamber_without_monster,
          minmay_misc_feat_secret_circle
D:5:      minmay_temple_entry_statues_fountains, uniq_pikel, uniq_duvessa,
          uniq_blork_the_orc
D:6:      minitemple

Action                   |  1- 3 |  4- 6 || total
-------------------------+-------+-------++-------
Melee: Short sword       |    36 |     1 ||    37
Evoke: Wand              |     7 |     3 ||    10
